 Dungeon Crawl Stone Soup version 0.30-a0-12-gd8047c6341 (webtiles) character file.

Game seed: 3626926629200161460

186 Sobieck the Shooter (level 5, 0/45 HPs)
             Began as a Ghoul Hunter on Aug 23, 2022.
             Frozen to death by an endoplasm (1 damage)
             ... on level 4 of the Dungeon.
             The game lasted 00:04:54 (2236 turns).

Sobieck the Shooter (Ghoul Hunter)                  Turns: 2236, Time: 00:04:55

Health: 0/45       AC:  2    Str: 15    XL:     5   Next: 65%
Magic:  0/4        EV:  8    Int:  4    God:
Gold:   114        SH:  0    Dex: 14    Spells: 4/4 levels left

rFire   + . .      SeeInvis .    a - +0 shortbow {bow}
rCold   + . .      Faith    .    (shield currently unavailable)
rNeg    + + +      Spirit   +    c - +0 leather armour
rPois   ∞          Reflect  .    d - +0 helmet
rElec   .          Harm     .    n - +0 cloak
rCorr   .          Rampage  .    (no gloves)
Will    .....                    H - +0 pair of boots
Stlth   ++........               i - amulet of guardian spirit
HPRegen 0.00/turn                e - ring of protection from fire
MPRegen 0.09/turn                (no ring)

@: corroded, inhibited regen, constricted
A: claws 1, cold resistance 1, negative energy resistance 3, inhibited
regeneration, torment resistance 2, devour on kill
a: no special abilities


You were on level 4 of the Dungeon.
You visited 1 branch of the dungeon, and saw 4 of its levels.

You collected 114 gold pieces.


Innate Abilities, Weirdness & Mutations

You are immune to poison.
You have sharp fingernails.
Your flesh is cold resistant. (rC+)
You are immune to negative energy. (rN+++)
You do not regenerate when monsters are visible.
You are immune to unholy pain and torment.
You thrive by killing the living.


   Skills:
 + Level 3.3 Fighting
 * Level 4.8 Ranged Weapons
 + Level 1.7 Armour
 - Level 1.7 Dodging
 + Level 3.0 Stealth


You had 4 spell levels left.
You didn't know any spells.
Your spell library contained the following spells:

 Spells                   Type           Power      Damage    Failure   Level
 Call Canine Familiar     Summ           0%         N/A       91%         3
 Confusing Touch          Hex            0%         N/A       91%         3
 Portal Projectile        Hex/Tloc       0%         N/A       91%         3
 Leda's Liquefaction      Hex/Erth       0%         N/A       100%        4
 Yara's Violent Unravell  Hex/Tmut       0%         3d3       100%        5
 Enfeeble                 Hex            0%         N/A       100%        7

Inventory:

Hand Weapons
 a - a +0 shortbow (weapon) {bow}
 l - a +1 flail of protection {mace}
   (You found it on level 1 of the Dungeon)
 F - a +1 quarterstaff of distortion {!wstaff}
   (You found it on level 3 of the Dungeon)
Missiles
 g - 22 stones {throwing}
 r - 10 poisoned darts {throwing}
Armour
 c - a +0 leather armour (worn)
 d - a +0 helmet (worn)
   (You found it on level 1 of the Dungeon)
 h - a +0 leather armour
   (You found it on level 1 of the Dungeon)
 m - a +0 ring mail
   (You found it on level 1 of the Dungeon)
 n - a +0 cloak (worn)
   (You found it on level 1 of the Dungeon)
 t - a +0 chain mail
   (You found it on level 2 of the Dungeon)
 v - a +0 ring mail
   (You found it on level 2 of the Dungeon)
 z - a +0 ring mail
   (You found it on level 2 of the Dungeon)
 A - a +0 leather armour
   (You found it on level 2 of the Dungeon)
 D - a +0 robe
   (You found it on level 2 of the Dungeon)
 H - a +0 pair of boots (worn)
   (You found it on level 3 of the Dungeon)
 I - a +0 chain mail
   (You took it off an orc on level 3 of the Dungeon)
 J - a +0 scale mail
   (You took it off an orc on level 3 of the Dungeon)
 K - a +0 chain mail
   (You took it off an orc on level 3 of the Dungeon)
 M - a +0 leather armour
   (You found it on level 3 of the Dungeon)
Magical Staves
 y - a staff of air {!astaff}
   (You found it on level 2 of the Dungeon)
Jewellery
 e - a ring of protection from fire (left claw)
   (You found it on level 1 of the Dungeon)
 i - an amulet of guardian spirit (around neck)
   (You found it on level 1 of the Dungeon)
 o - a ring of ice
   (You found it on level 1 of the Dungeon)
 L - an amulet of faith {!P}
   (You found it on level 3 of the Dungeon)
Scrolls
 b - 3 scrolls of immolation {!r!r}
 j - a scroll of poison {unknown}
 k - a scroll of vulnerability {unknown}
 q - 5 scrolls of identify {unknown}
 u - 2 scrolls of teleportation {unknown}
 G - a scroll of silence {unknown}
Potions
 f - 2 potions of degeneration {unknown}
 p - 2 potions of mutation {unknown}
 s - 2 potions of lignification {unknown}
 w - 3 potions of heal wounds {unknown}
 x - a potion of curing {@q1}
 B - a potion of magic {unknown}
 C - a potion of might {unknown}
 E - a potion of haste {unknown}

Dungeon Overview and Level Annotations

Branches:
Dungeon (4/15) Zot: 21680
 Temple: D:4-7

Altars:

Portals:
Sewer: D:4

≈~..)..~~.
#...###...≈~.....≈~.
.........≈~..∩..~~. ##
...[.....~~..~..~~~
..###........~~.....≈≈.
#...........##~~~~~##.
#...........##~~≈~≈##.
#...J$.......?..))§.
#.>@S..#........####
#...WJ..##......# ###
##.......)......# ...
#....................
......................
.......................
........................
................#.......
..........##[......


You could see a phantom, a jelly, an endoplasm and a ball python.


Message History

You shoot an arrow.
The arrow hits the phantom but does no damage.
The phantom hits you.
You shoot an arrow.
The arrow hits the phantom but does no damage.
The phantom closely misses you. The phantom hits you.
You are too injured to fight recklessly!
You are too injured to fight recklessly!
Unknown command.
Fire: a) +0 shortbow {bow}
Press: ? - help, Q - select action, (/) - cycle Shift-Dir - straight line, f/p - phantom
Aim: a phantom (51% to hit)
You shoot an arrow. The arrow barely misses the phantom.
The ball python barely misses you. x2
The phantom hits you but does no damage.
The ball python bites you but does no damage.
The ball python closely misses you.
Fire: a) +0 shortbow {bow}
Press: ? - help, Q - select action, (/) - cycle Shift-Dir - straight line, f/p - phantom
Aim: a phantom (51% to hit)
You shoot an arrow. The arrow closely misses the phantom.
The phantom hits you.
The endoplasm hits you but does no damage.
The ball python closely misses you. x2
Fire: a) +0 shortbow {bow}
Press: ? - help, Q - select action, (/) - cycle Shift-Dir - straight line, f/p - phantom
Aim: a phantom (51% to hit)
You shoot an arrow. The arrow closely misses the phantom.
The ball python bites you but does no damage.
The ball python closely misses you. The endoplasm freezes you.
You are frozen.
You resist. The phantom closely misses you. The jelly hits you.
You are splashed with acid!
* * * LOW HITPOINT WARNING * * *
The ball python barely misses you. The ball python closely misses you.
The jelly hits you.
* * * LOW HITPOINT WARNING * * *
The acid corrodes you!
You are splashed with acid.
* * * LOW HITPOINT WARNING * * *
The phantom completely misses you. The endoplasm barely misses you.
Fire: a) +0 shortbow {bow}
Press: ? - help, Q - select action, (/) - cycle Shift-Dir - straight line, f/p - phantom
Aim: a phantom (51% to hit)
You shoot an arrow. The arrow closely misses the phantom.
The ball python bites you.
* * * LOW HITPOINT WARNING * * *
The ball python grabs you. The ball python constricts you.
The endoplasm freezes you.
You are frozen.
You resist. The phantom hits you.
* * * LOW HITPOINT WARNING * * *
The phantom blinks!
You blink.
The ball python loses its grip on you.
Fire: a) +0 shortbow {bow}
Press: ? - help, Q - select action, (/) - cycle Shift-Dir - straight line, f/p - phantom
Aim: a phantom (51% to hit)
You shoot an arrow. The arrow closely misses the phantom.
The phantom misses you.
Fire: a) +0 shortbow {bow}
Press: ? - help, Q - select action, (/) - cycle Shift-Dir - straight line, f/p - phantom
Aim: a phantom (51% to hit)
You shoot an arrow. The arrow closely misses the phantom.
The phantom hits you but does no damage.
The ball python bites you.
* * * LOW HITPOINT WARNING * * *
The ball python barely misses you. The phantom barely misses you.
Fire: a) +0 shortbow {bow}
Press: ? - help, Q - select action, (/) - cycle Shift-Dir - straight line, f/p - phantom
Aim: a phantom (51% to hit)
You shoot an arrow. The arrow barely misses the phantom.
You hear the slow rusting of a drain very nearby.
The ball python barely misses you. x2; The phantom barely misses you.
It was a potion of curing.
You feel better. The ball python bites you.
* * * LOW HITPOINT WARNING * * *
The ball python barely misses you. The phantom closely misses you.
The jelly hits you.
* * * LOW HITPOINT WARNING * * *
You are splashed with acid!
* * * LOW HITPOINT WARNING * * *
The ball python bites you but does no damage.
The ball python grabs you. The ball python constricts you.
Unknown command.
Fire: a) +0 shortbow {bow}
Press: ? - help, Q - select action, (/) - cycle Shift-Dir - straight line, f/p - phantom
Aim: a phantom (51% to hit)
You shoot an arrow. The arrow hits the phantom.
The phantom hits you but does no damage.
The jelly closely misses you. The ball python bites you.
* * * LOW HITPOINT WARNING * * *
The ball python constricts you.
Fire: a) +0 shortbow {bow}
Press: ? - help, Q - select action, (/) - cycle Shift-Dir - straight line, f/p - phantom
Aim: a phantom (lightly damaged, 51% to hit)
You shoot an arrow. The arrow closely misses the phantom.
The ball python completely misses you. The ball python constricts you.
The endoplasm freezes you.
You are frozen.
You resist.
You die...

Skill      XL: |  1  2  3  4  5 |
---------------+----------------+-----
Ranged Weapons | 4 |  4.8
Stealth        | 2 3 |  3.0
Armour         | 1 |  1.7
Fighting       | 3 |  3.3
Dodging        | |  1.7

Action                   |  1- 3 |  4- 6 || total
-------------------------+-------+-------++-------
 Fire: Shortbow          |   117 |   125 ||   242
  Use: Potion            |       |     1 ||     1
Armor: Leather armour    |    26 |    16 ||    42
Dodge: Dodged            |    39 |    56 ||    95

Levels and vault maps discovered:
D:1:      eino_arrival_tree_alley, layout_basic, minmay_split_cup_small
D:2:      layout_basic, grunt_decor_resistance, minmay_cut_off
D:3:      layout_rooms, chequers_ecumenical_altar_island, minivault_14,
          grunt_decor_one_mirror
D:4:      layout_cave_pools, mainiacjoe_overflow_alcove_1,
          cheibrodos_sewer_entry_sluice, serial_shops, nicolae_stop_n_shop_2,
          kennysheep_generic_room_8, uniq_grinder

Notes
Turn   | Place    | Note
-------+----------+-------------------------------------------
     0 | D:1      | Sobieck the Ghoul Hunter began the quest for the Orb.
     0 | D:1      | Reached XP level 1. HP: 17/17 MP: 0/0
    60 | D:1      | Reached XP level 2. HP: 22/25 MP: 1/1
   175 | D:1      | You pick up a book of the Hunter and begin reading...
   175 | D:1      | You add the spells Call Canine Familiar, Portal Projectile
                  | and Leda's Liquefaction to your library.
   345 | D:1      | Reached skill level 4 in Ranged Weapons
   345 | D:1      | Reached XP level 3. HP: 30/30 MP: 2/2
   893 | D:2      | Reached skill level 2 in Stealth
   901 | D:2      | Reached skill level 1 in Armour
  1054 | D:2      | Reached XP level 4. HP: 37/37 MP: 3/3
  1259 | D:2      | You pick up a book of Misfortune and begin reading...
  1259 | D:2      | You add the spells Confusing Touch, Yara's Violent
                  | Unravelling and Enfeeble to your library.
  1487 | D:3      | Reached skill level 3 in Fighting
  1648 | D:3      | Reached XP level 5. HP: 45/45 MP: 4/4
  1724 | D:3      | Found a faded altar of an unknown god.
  2196 | D:4      | Found a glowing drain.
  2211 | D:4      | Noticed a phantom
  2222 | D:4      | Reached skill level 3 in Stealth
  2223 | D:4      | Identified the +5 trident of Yclyno {spect, rN+ Will+ SInv}
  2229 | D:4      | HP: 10/45 [acid (6)]
  2234 | D:4      | HP: 10/45 [jelly (3)]
  2234 | D:4      | HP: 3/45 [acid (7)]
  2235 | D:4      | HP: 1/45 [ball python (2)]
  2236 | D:4      | Frozen to death by an endoplasm

Vanquished Creatures
  A hound (D:3)
  An orc wizard (D:4)
  2 adders (D:2)
  2 river rats (D:4)
  6 worms
  2 dart slugs
  7 orcs
  4 ball pythons
  7 endoplasms
  4 giant cockroaches
  4 goblins
  7 hobgoblins
  4 quokkas
  4 bats
  3 frilled lizards
  5 kobolds
  8 rats
71 creatures vanquished.

Table legend:
 A = Non-vault XP
 B = Vault XP
 C = Vault XP percentage of total XP
 D = Non-vault monster count
 E = Vault monster count
 F = Vault count percentage of total count
                 A         B        C        D         E       F
            +---------+---------+-------+---------+---------+-------
      Total |     225 |      41 |  15.4 |      61 |      10 |  14.1
            +---------+---------+-------+---------+---------+-------
        D:1 |      39 |       5 |  11.4 |      23 |       3 |  11.5
        D:2 |      71 |       4 |   5.3 |      20 |       3 |  13.0
        D:3 |      64 |       0 |   0.0 |      11 |       0 |   0.0
        D:4 |      51 |      32 |  38.6 |       7 |       4 |  36.4
            +---------+---------+-------+---------+---------+-------

Illustrated notes

Table legend:
 A = Kills in this place as a percentage of kills in entire the game.
 B = Kills by you in this place as a percentage of kills by you in the entire game.
 C = Kills by friends in this place as a percentage of kills by friends in the entire game.
 D = Other kills in this place as a percentage of other kills in the entire game.
 E = Experience gained in this place as a percentage of experience gained in the entire game.
 F = Experience gained in this place divided by the number of levels of this place that you have seen.
                   A       B       C       D       E      F
               +-------+-------+-------+-------+-------+----------------------
         Total | 100.0 | 100.0 |   N/A |   N/A | 100.0 |  66.5
       Dungeon | 100.0 | 100.0 |   N/A |   N/A | 100.0 |  66.5
               +-------+-------+-------+-------+-------+----------------------

Table legend: (Time is in decaauts)
 A = Elapsed time spent in this place.
 B = Non-inter-level travel time spent in this place.
 C = Inter-level travel time spent in this place.
 D = Time resting spent in this place.
 E = Time spent auto-exploring this place.
 F = Levels seen in this place.
 G = Mean time per level.
                   A        B        C        D        E       F      G
               +--------+--------+--------+--------+--------+-----+--------+
         Total |   2318 |   2265 |     53 |      0 |   1821 |   4 |  579.5 |
       Dungeon |   2318 |   2265 |     53 |      0 |   1821 |   4 |  579.5 |
               +--------+--------+--------+--------+--------+-----+--------+

Top non-repeatable levels by time:
     D:1: 910 daAuts
     D:3: 689 daAuts
     D:2: 564 daAuts
     D:4: 154 daAuts
